Map: Deathaura LE

Players

EnDerr - Winner!

  • Race: Zerg Zerg
  • Spawn Location: 11:00

RazerBlader

  • Race: Terran Terran
  • League: Master
  • Spawn Location: 5:00

Event: DreamHack SC2 Masters 2020 Winter

VOD

Have the link to the VOD?

Description

Time

  • Played on: Oct. 23, 2020, 5:58 a.m.
  • Length: 14:19

All games in this series

Show
View Real Time Build Order
Export as new Build Order

EnDerr Zerg - Winner!

Build Orders: Hatch First, Muta Ling Bane 

Get SALT Encoding   

  12  0:00  Drone  
  13  0:13  Overlord  
  13  0:16  Drone  
  14  0:31  Drone x2  
  16  0:48  Hatchery  
  15  0:51  Drone  
  15  0:55  Drone  
  17  1:00  Drone  
  18  1:09  Extractor  
  17  1:16  Spawning Pool  
  17  1:17  Drone  
  17  1:21  Drone  
  18  1:29  Drone  
  19  1:42  Drone  
  20  1:50  Drone  
  21  2:02  Queen x2  
  21  2:03  Overlord  
  21  2:04  Drone  
  26  2:11  Metabolic Boost  
  26  2:14  Drone x2  
  28  2:23  Drone x2  
  29  2:37  Drone, Spore Crawler  
  29  2:38  Drone  
  29  2:40  Spore Crawler  
  31  2:44  Queen x2  
  35  2:52  Overlord  
  35  2:54  Drone  
  35  2:57  Overlord  
  36  3:11  Drone x3  
  39  3:14  Drone x5  
  39  3:16  Drone  
  45  3:25  Lair  
  44  3:39  Hatchery  
  44  3:40  Baneling Nest  
  42  3:41  Extractor  
  42  3:47  Drone x3  
  42  3:48  Drone x2  
  46  3:53  Zergling x2  
  47  3:56  Zergling x2  
  47  3:57  Zergling x4  
  47  3:59  Extractor  
  47  4:00  Drone  
  47  4:01  Drone  
  51  4:04  Drone  
  51  4:09  Overlord  
  52  4:10  Extractor  
  51  4:20  Overlord  
  51  4:26  Spire  
  50  4:32  Drone  
  50  4:33  Drone x4  
  50  4:34  Drone, Overlord  
  50  4:36  Overlord  
  53  5:03  Drone x8  
  53  5:04  Drone x2  
  62  5:10  Overlord x2  
  62  5:25  Extractor  
  62  5:26  Extractor  
  60  5:34  Drone  
  60  5:35  Drone  
  62  5:38  Mutalisk  
  62  5:39  Mutalisk x7  
  78  5:45  Drone x8  
  78  5:46  Zerg Flyer Weapons Level 1  
  78  5:48  Drone  
  87  5:54  Overlord  
  87  5:56  Drone  
  88  5:58  Centrifical Hooks  
  88  6:05  Evolution Chamber  
  88  6:08  Evolution Chamber, Drone x2  
  88  6:09  Drone  
  89  6:12  Zergling x2  
  89  6:13  Zergling x8  
  89  6:16  Zergling x2  
  95  6:33  Zerg Ground Armor Level 1  
  95  6:34  Zerg Melee Weapons Level 1  
  95  6:35  Mutalisk x3  
  95  6:36  Mutalisk  
  95  6:38  Hatchery  
  102  6:43  Overlord  
  102  6:44  Mutalisk  
  102  6:49  Drone x2  
  102  6:53  Zergling x4  
  106  6:54  Overlord x3  
  106  6:55  Overlord  
  106  7:09  Baneling x6  
  106  7:12  Mutalisk x3  
  106  7:13  Extractor  
  111  7:16  Drone x8  
  111  7:17  Extractor  
  111  7:21  Zergling x2  
  119  7:25  Mutalisk  
  119  7:33  Mutalisk  
  119  7:37  Mutalisk x2  
  114  7:42  Drone x3  
  114  7:43  Drone x3  
  114  7:44  Zergling x6  
  125  7:46  Overseer  
  127  7:51  Mutalisk x2  
  127  7:57  Zergling x8  
  135  7:58  Baneling  
  135  7:59  Baneling x5  
  135  8:00  Zergling x2  
  136  8:12  Hatchery  
  135  8:13  Baneling x11  
  135  8:16  Zergling x2  
  134  8:22  Zergling x2  
  134  8:23  Zergling x2  
  134  8:24  Zergling x10  
  134  8:25  Baneling x9  
  141  8:28  Zergling x4  
  141  8:30  Zergling x8  
  144  8:35  Zergling x2  
  144  8:36  Zergling x4  
  145  8:42  Mutalisk  
  145  8:44  Mutalisk x2  
  145  8:45  Mutalisk  
  137  8:52  Mutalisk x2  
  137  8:55  Zergling x16  
  129  9:02  Mutalisk x2  
  125  9:03  Zergling x2  
  125  9:08  Mutalisk  
  132  9:14  Queen  
  134  9:21  Baneling x14  
  134  9:24  Zergling x18  
  135  9:26  Queen  
  135  9:27  Overlord x2  
  145  9:32  Zergling x2  
  145  9:33  Baneling x10, Zergling x2  
  145  9:34  Zergling x2  
  148  9:42  Zergling x2  
  149  9:46  Zergling x6  
  149  9:48  Zergling x2  
  149  9:52  Mutalisk x3  
  148  9:55  Mutalisk, Overseer  
  148  9:58  Zergling x2  
  148  9:59  Zergling x18  
  159  10:03  Zerg Melee Weapons Level 2  
  159  10:10  Zerg Ground Armor Level 2  
  159  10:13  Zergling x2  
  159  10:14  Zergling x10  
  165  10:15  Pneumatized Carapace  
  162  10:26  Baneling x5  
  147  10:29  Zergling x18  
  147  10:30  Zergling x2  
  147  10:34  Zergling x2  
  147  10:35  Zergling x4  
  158  10:36  Zergling x2  
  158  10:39  Mutalisk x2  
  158  10:42  Mutalisk x2, Zergling x4  
  153  10:44  Mutalisk  
  153  10:48  Zergling x8  
  157  10:55  Zergling x12  
  163  10:58  Zergling x4  
  163  11:03  Zergling x2  
  166  11:09  Zergling x2  
  155  11:13  Overlord x4  
  155  11:14  Overlord  
  155  11:17  Infestation Pit, Overseer  
  147  11:22  Zergling x2  
  147  11:25  Zergling x6  
  151  11:26  Baneling x14  
  151  11:28  Zergling x2  
  151  11:29  Zergling x2  
  151  11:36  Zergling x2  
  152  11:46  Drone x6  
  152  11:47  Drone  
  159  11:52  Overseer  
  159  11:53  Overseer  
  159  11:54  Zergling x2  
  159  11:55  Zergling x24  
  159  12:00  Hive  
  172  12:04  Zergling x2  
  173  12:08  Zergling x2  
  172  12:24  Zergling x2  
  172  12:28  Zergling x2  
  172  12:29  Baneling x9  
  174  12:30  Baneling x5  
  174  12:31  Zergling x10  
  174  12:35  Zergling x4  
  181  12:38  Baneling x4  
  181  12:39  Baneling x7  
  181  12:42  Zergling x2  
  179  12:46  Zergling x2  
  179  12:48  Zergling x4  
  179  12:49  Zergling x2  
  169  12:52  Mutalisk  
  169  12:55  Mutalisk x4  
  158  12:58  Mutalisk  
  158  12:59  Mutalisk  
  158  13:01  Mutalisk  
  158  13:03  Mutalisk  
  157  13:10  Mutalisk  
  157  13:16  Mutalisk  
  155  13:26  Hatchery  
  148  13:35  Drone x2  
  148  13:36  Drone x3  
  148  13:37  Zergling x4  
  148  13:38  Zergling x8  
  148  13:41  Zergling x2  
  160  13:48  Mutalisk  
  147  13:51  Mutalisk  
  147  13:54  Zergling x2  
  147  13:55  Mutalisk  
  146  13:56  Zergling x2  
Show
View Real Time Build Order
Export as new Build Order

RazerBlader Terran 

Build Orders: Reaper Expand 

Get SALT Encoding   

  12  0:00  SCV  
  13  0:12  SCV  
  14  0:17  Supply Depot  
  14  0:24  SCV  
  15  0:38  SCV  
  15  0:40  Barracks  
  16  0:43  Refinery  
  16  0:51  SCV  
  17  1:03  SCV  
  18  1:15  SCV  
  19  1:27  Reaper  
  19  1:28  Orbital Command  
  20  1:40  Command Center  
  20  1:47  Supply Depot  
  20  1:54  SCV  
  21  1:59  Marine  
  22  2:06  SCV  
  23  2:10  Factory  
  23  2:18  SCV  
  23  2:22  Barracks Reactor  
  24  2:30  SCV  
  25  2:42  SCV  
  26  2:45  Command Center  
  26  2:52  Orbital Command  
  26  2:55  SCV  
  27  3:04  Refinery  
  27  3:09  Starport  
  27  3:12  SCV  
  30  3:17  Hellion  
  30  3:18  Hellion  
  32  3:21  Marine  
  32  3:23  SCV  
  32  3:24  SCV  
  35  3:35  SCV  
  35  3:37  SCV  
  38  3:41  Hellion x2  
  38  3:42  Barracks Tech Lab  
  38  3:47  SCV, Viking  
  43  3:49  SCV  
  44  3:58  Orbital Command  
  44  3:59  SCV  
  44  4:00  Stimpack  
  44  4:01  SCV  
  44  4:02  Marine  
  47  4:11  SCV  
  47  4:13  SCV  
  47  4:15  Barracks  
  49  4:21  Barracks  
  49  4:22  Factory Reactor  
  49  4:23  SCV  
  50  4:24  SCV  
  50  4:29  Supply Depot  
  51  4:34  SCV  
  52  4:39  Marine, Engineering Bay  
  52  4:41  SCV x2, Engineering Bay  
  52  4:42  Starport Reactor  
  55  4:46  Refinery  
  55  4:47  Refinery  
  55  4:48  Supply Depot  
  55  4:49  SCV  
  56  4:55  SCV  
  56  4:57  Marine  
  54  5:02  Marine  
  54  5:03  Widow Mine  
  54  5:04  Widow Mine, SCV x2  
  61  5:07  Terran Infantry Weapons Level 1  
  61  5:09  Terran Infantry Armor Level 1  
  61  5:11  SCV  
  61  5:12  Orbital Command  
  62  5:16  SCV  
  63  5:21  Barracks Reactor  
  63  5:23  SCV  
  63  5:24  Marine x2  
  63  5:26  Barracks  
  63  5:27  Widow Mine x2, Barracks  
  70  5:29  SCV  
  70  5:31  Missile Turret x2  
  70  5:34  Marine  
  70  5:35  SCV  
  73  5:38  SCV  
  73  5:40  Supply Depot  
  73  5:41  SCV  
  75  5:43  Medivac  
  75  5:45  Medivac  
  75  5:47  SCV  
  75  5:49  Marine x2  
  82  5:56  Missile Turret  
  82  6:02  Marine x2  
  82  6:03  Supply Depot  
  84  6:05  Armory, SCV x2  
  84  6:09  SCV  
  84  6:10  Marine  
  84  6:11  Marine  
  89  6:14  Barracks Reactor x2  
  89  6:17  SCV  
  90  6:20  Supply Depot  
  90  6:22  Medivac  
  90  6:23  Marine x2  
  93  6:31  Marine, Medivac, SCV  
  97  6:34  SCV x2  
  97  6:35  Marine x2  
  101  6:42  Widow Mine x2, Marine  
  101  6:43  SCV  
  101  6:46  Marine, SCV  
  106  6:47  SCV  
  106  6:49  Marine  
  106  6:53  Factory, Missile Turret  
  106  6:54  Barracks Tech Lab  
  108  6:55  SCV  
  108  6:57  Supply Depot  
  109  7:02  Supply Depot  
  109  7:17  Combat Shield, Marine x6  
  109  7:18  SCV x2, Terran Infantry Weapons Level 2, Marine x3  
  109  7:19  Widow Mine x2, SCV  
  125  7:24  Terran Infantry Armor Level 2  
  125  7:28  Supply Depot  
  122  7:30  SCV  
  122  7:35  Marine x3  
  106  7:38  SCV  
  106  7:39  SCV  
  106  7:40  Widow Mine  
  106  7:41  Marine  
  106  7:42  SCV  
  114  7:45  Marine  
  114  7:50  Marine x2  
  114  7:51  SCV x2, Factory Tech Lab  
  117  7:53  Terran Vehicle And Ship Armor Level 1  
  117  7:54  SCV  
  117  7:56  Marine x2  
  120  8:02  Marine  
  120  8:03  Marine, SCV  
  123  8:07  Marine x2  
  123  8:08  Supply Depot  
  123  8:09  Marine  
  119  8:16  Widow Mine, Marine  
  115  8:23  Missile Turret, Marine  
  115  8:26  Marine x2  
  114  8:28  Marine  
  114  8:31  Widow Mine  
  115  8:37  Marine x4  
  115  8:40  Widow Mine  
  115  8:46  Marine x2  
  87  8:49  Marine  
  87  8:50  Widow Mine, Marine  
  87  8:51  Marine  
  87  8:55  Marine x2  
  77  8:57  Marine  
  77  9:01  SCV  
  80  9:03  SCV  
  80  9:05  Marine  
  80  9:09  Medivac  
  84  9:10  Marine  
  84  9:11  Marine  
  84  9:12  Widow Mine  
  84  9:14  Drilling Claws  
  84  9:16  Marine x2  
  90  9:18  Marine x2  
  90  9:19  Marine  
  90  9:22  Widow Mine  
  95  9:24  Marine x2  
  95  9:28  Marine x2  
  99  9:32  Medivac  
  99  9:34  Marine x2  
  99  9:36  Marine x2  
  99  9:37  Marine  
  99  9:38  Widow Mine, SCV  
  108  9:40  SCV  
  108  9:42  Marine x2  
  111  9:46  Marine  
  111  9:48  Widow Mine  
  111  9:52  Marine x3  
  104  9:54  Marine  
  104  9:55  Marine x2  
  102  10:00  Marine x2  
  102  10:04  Marine  
  105  10:07  Missile Turret  
  105  10:08  SCV  
  105  10:09  SCV  
  105  10:10  Marine x3  
  105  10:11  Marine  
  105  10:13  Marine x2  
  113  10:17  Widow Mine  
  113  10:18  Marine x2  
  117  10:25  Widow Mine  
  117  10:26  Widow Mine, Marine  
  117  10:28  Marine x2  
  120  10:39  Marine x2, Marauder  
  113  10:47  Medivac  
  113  10:48  Marine x2  
  113  10:49  Marine x2  
  104  10:50  SCV  
  104  10:51  Marine  
  104  10:53  SCV  
  107  10:57  Widow Mine  
  107  10:58  Widow Mine  
  107  11:01  Marauder  
  107  11:03  Medivac  
  98  11:15  Widow Mine, Marine x5  
  98  11:16  Marine  
  87  11:19  Widow Mine, SCV  
  87  11:23  Medivac  
  90  11:27  Widow Mine  
  91  11:33  Marine x3, Medivac  
  91  11:36  Widow Mine  
  91  11:38  Marine x2  
  91  11:39  Marine  
  100  11:40  Widow Mine  
  100  11:41  Marine  
  100  11:45  Marine  
  100  11:46  Marine  
  106  11:49  Widow Mine  
  106  11:52  Marine  
  106  11:53  Marine x2, Medivac  
  113  11:55  Marine  
  113  11:56  Marine  
  115  12:03  Medivac, Marine  
  115  12:09  Widow Mine  
  115  12:10  Widow Mine x2  
  115  12:12  Marine x2  
  116  12:23  Medivac  
  116  12:24  Missile Turret  
  116  12:28  SCV, Marine  
  120  12:30  Widow Mine  
  120  12:31  Widow Mine  
  120  12:34  Marine  
  120  12:36  Marine  
  121  12:41  Widow Mine  
  121  12:43  Marine  
  107  12:53  Marine x3  
  92  13:01  Marine  
  92  13:02  Marine  
  83  13:05  Marine  
  83  13:10  Marine  
  84  13:14  Marine  
  80  13:22  Marine x2  
  80  13:23  Marauder  
  76  13:33  Widow Mine  
  76  13:34  Widow Mine  
Tags
 
Add a new tag
Caveats
  • Supply blocks, unpowered buildings, or Contaminate may cause inaccurate times.
  • Supply counts are checked every 10 seconds.